 Dungeon Crawl Stone Soup version 0.19-a0-1260-gc94d3f7 (webtiles) character file.

20938 rlgrobin the Nimble (level 12, -1/63 HPs)
             Began as a Spriggan Assassin on Aug 28, 2016.
             Was a High Priest of Trog.
             Killed from afar by a rime drake (19 damage)
             ... with a flash freeze
             ... on level 4 of the Lair of Beasts on Aug 29, 2016.
             The game lasted 01:14:16 (19377 turns).

rlgrobin the Nimble (Spriggan Assassin)            Turns: 19377, Time: 01:14:17

Health: -1/63      AC:  5    Str: 10    XL:     12   Next: 49%
Magic:  13/13      EV: 30    Int: 14    God:    Trog [*****.]
Gold:   664        SH:  0    Dex: 18    Spells: 0 memorised, 11 levels left

rFire  + . .     SeeInvis +     a - +1 rapier
rCold  + . .     Gourm    .     G - +1 robe {rC+}
rNeg   . . .     Faith    .     (shield restricted)
rPois  .         Spirit   .     H - +0 hat
rElec  .         Dismiss  .     d - +1 cloak
rCorr  .         Reflect  .     (gloves unavailable)
MR     ++...     Harm     .     (boots unavailable)
Stlth  ++++++....               u - amulet of regeneration
                                F - ring of protection from cold
                                l - ring of fire

@: very slightly contaminated, very quick
A: unfitting armour, see invisible, herbivore 3, speed 3, slow metabolism 2
a: Berserk, Trog's Hand, Brothers in Arms, Burn Spellbooks, Renounce Religion


You were on level 4 of the Lair of Beasts.
You worshipped Trog.
Trog was extremely pleased with you.
You were not hungry.

You visited 3 branches of the dungeon, and saw 15 of its levels.
You also visited: Sewer.

You collected 880 gold pieces.
You spent 216 gold pieces at shops.

Inventory:

Hand Weapons
 a - a +1 rapier (weapon)
 b - a +0 blowgun
 A - a +3 dagger
Missiles
 e - 9 poisoned needles
 f - 2 curare-tipped needles
 J - 4 poisoned tomahawks (quivered) {god gift}
 O - 9 large rocks
 R - 5 exploding tomahawks {god gift}
Armour
 d - a +1 cloak (worn)
 G - a +1 robe of cold resistance (worn)
 H - a +0 hat (worn)
Jewellery
 l - a ring of fire (left hand)
 u - an amulet of regeneration (around neck)
 x - an uncursed ring of flight
 D - an uncursed amulet of guardian spirit
 F - a ring of protection from cold (right hand)
Wands
 c - a wand of iceblast (10/15)
 h - a wand of lightning (7/15)
 y - a wand of disintegration (14/24)
 z - a wand of teleportation (6/9)
 B - a wand of slowing (33/48)
 K - a wand of enslavement (8/24)
 M - a wand of polymorph (12/24)
 P - a wand of paralysis (16/24)
Scrolls
 i - a scroll of recharging
 r - 2 scrolls of teleportation
 s - 6 scrolls of fear
 v - 4 scrolls of magic mapping
 w - 7 scrolls of remove curse
Potions
 j - 3 potions of flight
 k - 5 potions of curing
 m - a potion of berserk rage
 n - a potion of haste
 o - 4 potions of heal wounds
 q - 2 potions of brilliance
 t - 3 potions of might
 E - a potion of lignification
 I - a potion of cancellation {unknown}
 N - a potion of agility
 Q - a potion of resistance {unknown}
Miscellaneous
 L - a fan of gales
Comestibles
 g - 3 bread rations
 p - 7 slices of pizza
 C - 13 fruits


   Skills:
 - Level 7.0 Fighting
 - Level 10.0 Short Blades
 + Level 13.0 Throwing
 - Level 13.0 Dodging
 - Level 11.0 Stealth


You had 11 spell levels left.
You didn't know any spells.

Dungeon Overview and Level Annotations

Branches:
Dungeon (10/15)            Temple (1/1) D:4            Lair (4/6) D:9
  Swamp (0/4) Lair:2
  Snake: Lair:2-4    Spider: Lair:2-4       Orc: D:9-12

Altars:
Ashenzari
Cheibriados
Dithmenos
Elyvilon
Fedhas
Gozag
Makhleb
Qazlal
Ru
Trog
Uskayaw
Vehumet
Xom
Yredelemnul
Zin
The Shining One

Shops:
D:4 }   D:5 :

Annotations:
D:9 exclusion: ice statue
Lair:1 PeterMcNeter's ghost, novice DrTm


Innate Abilities, Weirdness & Mutations

You are tiny and cannot use many weapons and most armour.
You have supernaturally acute eyesight. (SInv)
You are a herbivore.
You cover ground extremely quickly.
You need consume almost no food.


Message History

The eight-headed hydra completely misses you.
The eight-headed hydra closely misses you.
The eight-headed hydra completely misses you.
The eight-headed hydra bites you.
The eight-headed hydra closely misses you.
The eight-headed hydra bites you. x2
The eight-headed hydra bites you but does no damage.
You hit the ice beast but do no damage.
The ice beast is heavily wounded.
The rime drake completely misses you. The ice beast hits you.
The ice beast freezes you. You resist.
* * * LOW HITPOINT WARNING * * *
Blink to where?
Press: ? - help, Dir - move target cursor You are very lightly contaminated with residual magic.
As you read the scroll of blinking, it crumbles to dust.
The ice encasing you melts away. The rime drake breathes ice at you.
The flash freeze hits you! You partially resist.
You die...

..#. #.......!.....
.....##.......k..###
#.#.....######...# .....##.##
#..>## ..#.. #.######...## .
#...#.##....# .. ##.....#...##
##.#.######.....####### ######
###....# #......@#.##.P#####P#.#.
#$....####......................
#....#.#####...................
####...#..##.....................
##.##.....#..P..##P##..########..
##..#.....#..########### ###
###..#.k....## ..##..#..P##.#
...#.#..######


You could see a rime drake.

Vanquished Creatures
  Gastronok (Lair:1)
  A catoblepas (Lair:3)
  2 hill giants
  Pikel (D:5)
  3 elephants (Lair:2)
  2 black mambas
  6 spiny frogs
  4 rime drakes
  3 komodo dragons (Lair:3)
  Grinder (D:4)
  Prince Ribbit (D:8)
  2 trolls (D:9)
  14 yaks
  2 basilisks (Lair:2)
  A human (D:7)
  Grum (D:8)
  3 hogs (D:7)
  Eustachio (D:4)
  A hungry ghost (D:8)
  3 vampire mosquitoes (Lair:2)
  5 hippogriffs
  A hell hound (D:9)
  3 porcupines
  4 water moccasins
  3 orc warriors
  2 phantoms
  A necrophage (D:10)
  11 ice beasts (Lair:4)
  4 wolves (D:8)
  4 centaurs
  An ogre (D:4)
  8 crocodiles
  Blork the orc (D:5)
  A big kobold (D:7)
  11 giant frogs
  3 scorpions
  6 killer bees
  4 wights (D:10)
  2 howler monkeys (D:7)
  2 crimson imps
  A giant frog zombie (D:7)
  3 hounds
  2 centaur skeletons (D:10)
  3 jellies
  2 giant frog skeletons
  3 orc priests
  6 iguanas
  8 orc wizards
  8 worker ants
  3 hound skeletons
  A worker ant zombie (D:10)
  30 river rats
  15 adders
  3 shadow imps
  3 dart slugs (D:1)
  A giant gecko (D:6)
  29 orcs
  9 ball pythons
  4 giant cockroaches
  8 goblins
  2 hobgoblins
  14 jackals
  11 kobolds
  6 quokkas
  A ball python skeleton (D:5)
  4 bats
  A giant gecko skeleton (D:5)
  A giant gecko zombie (D:7)
  6 giant newts
  A jackal zombie (D:7)
  10 rats
  3 fungi (D:7)
332 creatures vanquished.

Vanquished Creatures (others)
  An orc wizard (D:8)
  A bush (D:7)
  5 fungi
  2 plants
9 creatures vanquished.

Grand Total: 341 creatures vanquished

Notes
Turn   | Place    | Note
-------+----------+-------------------------------------------
     0 | D:1      | rlgrobin the Spriggan Assassin began the quest for the Orb.
     0 | D:1      | Reached XP level 1. HP: 10/10 MP: 2/2
   167 | D:1      | Reached XP level 2. HP: 14/14 MP: 3/3
  1475 | D:2      | Reached XP level 3. HP: 18/18 MP: 4/4
  1948 | D:3      | Found a glowing drain.
  2261 | Sewer    | Entered a sewer
  2513 | Sewer    | Reached XP level 4. HP: 21/22 MP: 5/5
  2552 | Sewer    | Reached skill level 5 in Short Blades
  3867 | D:3      | Reached XP level 5. HP: 25/25 MP: 6/6
  4164 | D:4      | Noticed Grinder
  4526 | D:4      | Noticed an ogre
  4580 | D:4      | Killed an ogre
  4580 | D:4      | Reached XP level 6. HP: 30/30 MP: 7/7
  4645 | D:4      | Found a staircase to the Ecumenical Temple.
  4654 | Temple   | Entered the Ecumenical Temple
  4748 | Temple   | Became a worshipper of Trog the Wrathful
  4923 | D:4      | Killed Grinder
  4979 | D:5      | Entered Level 5 of the Dungeon
  4979 | D:5      | Noticed Pikel
  4979 | D:5      | Noticed a slave
  4979 | D:5      | Noticed a slave
  4979 | D:5      | Noticed a slave
  4979 | D:5      | Noticed a slave
  5080 | D:4      | Found Roril's Gadget Shop.
  5087 | D:4      | Bought a wand of disintegration (14/24) for 216 gold pieces
  5109 | D:4      | Reached XP level 7. HP: 33/33 MP: 8/8
  5158 | D:4      | Noticed Eustachio
  5175 | D:4      | Killed Eustachio
  5878 | D:5      | Noticed Blork the orc
  6024 | D:5      | Reached skill level 5 in Throwing
  6035 | D:5      | Found Justefo's Book Shoppe.
  6515 | D:5      | Reached * piety under Trog
  6543 | D:5      | Killed Blork the orc
  6543 | D:5      | Reached XP level 8. HP: 28/37 MP: 9/9
  6620 | D:5      | Killed Pikel
  7296 | D:6      | Reached skill level 5 in Dodging
  7952 | D:7      | Reached XP level 9. HP: 14/41 MP: 4/10
  8550 | D:7      | Reached skill level 10 in Dodging
  8667 | D:7      | Reached ** piety under Trog
  8723 | D:7      | Found a blossoming altar of Fedhas.
  8788 | D:7      | Noticed a hill giant
  9188 | D:7      | HP: 2/43 [electric eel/bolt of electricity (5)]
 10105 | D:7      | Killed a hill giant
 10105 | D:7      | Reached XP level 10. HP: 19/51 MP: 3/11
 10483 | D:7      | Reached skill level 5 in Fighting
 10791 | D:8      | Noticed Grum
 11034 | D:8      | Noticed Prince Ribbit
 11040 | D:8      | Killed Prince Ribbit
 11767 | D:8      | Killed Grum
 11769 | D:8      | Reached *** piety under Trog
 12745 | D:9      | Received a gift from Trog
 13506 | D:9      | Reached skill level 10 in Throwing
 13560 | D:9      | Found a staircase to the Lair.
 14104 | D:9      | Noticed an ice statue
 14147 | D:10     | Entered Level 10 of the Dungeon
 14158 | D:10     | Reached skill level 10 in Stealth
 14166 | D:10     | Noticed a hill giant
 14265 | D:10     | Killed a hill giant
 14265 | D:10     | Reached XP level 11. HP: 56/56 MP: 12/12
 14412 | D:10     | Noticed a tengu warrior
 15003 | Lair:1   | Entered Level 1 of the Lair of Beasts
 15072 | Lair:1   | Found a white marble altar of Elyvilon.
 15266 | Lair:1   | Reached skill level 10 in Short Blades
 15293 | Lair:1   | Reached **** piety under Trog
 15396 | Lair:1   | Noticed a four-headed hydra
 15402 | Lair:1   | Noticed PeterMcNeter's ghost (novice DrTm)
 15494 | Lair:1   | Noticed Gastronok
 15546 | Lair:1   | Killed Gastronok
 17142 | Lair:2   | Found a staircase to the Swamp.
 17527 | Lair:3   | Noticed a catoblepas
 17540 | Lair:2   | Reached XP level 12. HP: 63/63 MP: 13/13
 17851 | Lair:3   | Noticed a seven-headed hydra
 18761 | Lair:3   | Killed a catoblepas
 19023 | Lair:4   | Noticed an eight-headed hydra
 19069 | Lair:4   | Reached ***** piety under Trog
 19079 | Lair:4   | Noticed an ice dragon
 19255 | Lair:4   | Received a gift from Trog
 19377 | Lair:4   | Killed from afar by a rime drake

Vault maps used:
D:1:      evilmike_arrival_hilbert_curve, roderic_bali_sauvastika
D:3:      first_bread, portal_sewer_entry_e
D:4:      serial_shops, shop, uniq_eustachio, uniq_grinder
D:5:      serial_shops, shop, uniq_pikel, uniq_blork_the_orc
D:6:      serial_bayou_pond_a, dk_noncrumbling_2
D:7:      serial_bayou, serial_bayou_pond_d, serial_bayou_pond_a,
          serial_bayou_pond_a, serial_bayou_shore_a, grunt_livestock,
          minmay_gold_behind_fungi, kb_lookout_dungeons_type, lemuel_tele_altar
D:8:      uniq_prince_ribbit1, uniq_grum
D:9:      lemuel_ice_statue, minmay_lair_entry_lava, serial_bayou_pond_d
Temple:   kilobyte_greek_temple
Lair:1:   basic_altar, uniq_gastronok
Lair:2:   minmay_swamp_entry_swarm, lemuel_fruit_tree
Lair:3:   st_stairs_11
Lair:4:   dummy_snake_entry, minivault_11, minmay_guarded_unrand_chilly_death,
          uniq_urug
Sewer:    sewer_co_scattered_pipes

Skill      XL: |  1  2  3  4  5  6  7  8  9 10 11 12 |
---------------+-------------------------------------+-----
Short Blades   | 3 4 5 6 8 10 | 10.0
Stealth        | 7 9 10 11 | 11.0
Throwing       | 6 8 10 13 | 13.0
Dodging        | 7 11 13 | 13.0
Fighting       | 4 5 7 |  7.0

Action                   |  1- 3 |  4- 6 |  7- 9 | 10-12 || total
-------------------------+-------+-------+-------+-------++-------
Melee: Dagger            |   164 |   141 |    10 |       ||   315
       Rapier            |       |       |   399 |  1161 ||  1560
 Fire: Blowgun           |       |    17 |    77 |    69 ||   163
Throw: Tomahawk          |       |       |       |    19 ||    19
Invok: Burn Spellbooks   |       |       |       |     2 ||     2
Evoke: Wand              |       |       |       |     2 ||     2
  Use: Scroll            |     7 |     2 |     8 |     7 ||    24
       Potion            |       |     2 |     2 |       ||     4
 Stab: Sleeping          |     9 |    10 |     4 |    50 ||    73
       Distracted        |       |     2 |     2 |     1 ||     5
       Paralysed         |       |       |       |     2 ||     2
  Eat: Bread ration      |       |     1 |     1 |     2 ||     4
Armor: Robe              |    10 |     7 |    25 |    55 ||    97
Dodge: Dodged            |   111 |    74 |   305 |   868 ||  1358
